 Dungeon Crawl Stone Soup version 0.15-a0-1224-g3833f9c (webtiles) character file.

51 PolkaDot the Insei (level 3, -9/29 HPs)
             Began as a Demonspawn Monk on June 2, 2014.
             Mangled by a gnoll
             ... wielding a +1,+2 flail
              (10 damage)
             ... on Level 2 of the Dungeon.
             The game lasted 00:04:30 (1139 turns).

PolkaDot the Insei (Demonspawn Monk)                Turns: 1139, Time: 00:04:30

HP  -9/29        AC  2     Str 11      XL: 3   Next: 57%
MP   3/3         EV 13     Int 11      God:
Gold 75          SH  0     Dex 16      Spells:  0 memorised,  2 levels left

rFire  . . .     SeeInvis .       - Unarmed
rCold  . . .     Clarity  .     a - +0 robe
rNeg   . . .     rCorr    .     (no shield)
rPois  .         rRot     .     (no helmet)
rElec  .         Spirit   .     (no cloak)
SustAb .         Warding  .     (no gloves)
rMut   .         Stasis   .     (no boots)
Gourm  .                        (no amulet)
MR     .....                    (no ring)
                                (no ring)

@: not resistant to hostile enchantments, fairly stealthy
A: nightstalker 1, spiny 1
a: no special abilities


You were on level 2 of the Dungeon.
You were not hungry.

You visited 1 branch of the dungeon, and saw 2 of its levels.

You collected 75 gold pieces.

Inventory:

Armour
 a - a +0 robe (worn)
Comestibles
 b - a bread ration
 c - a rotting chunk of giant cockroach flesh {@w1}
 f - 2 rotting chunks of goblin flesh {@w1}
 g - 2 chunks of worm flesh {@w1}
 h - 2 fruits
 j - a chunk of adder flesh {@w1}
 l - a meat ration
 m - 2 rotting chunks of goblin flesh {@w1}
 n - a rotting chunk of goblin flesh {@w1}
 o - a chunk of rat flesh {@w1}
 q - a beef jerky
 s - a chunk of giant cockroach flesh {@w1}
Scrolls
 e - a scroll of enchant weapon I {unknown}
 i - a scroll of amnesia {unknown}
 p - a scroll of identify
Potions
 d - a potion of cure mutation {!q}
 k - a potion of might
 r - a potion of curing {unknown}


   Skills:
 - Level 3.0 Fighting
 - Level 2.6 Dodging
 - Level 1.7 Stealth
 + Level 4.8 Unarmed Combat


You had 2 spell levels left.
You didn't know any spells.

Dungeon Overview and Level Annotations

Branches:
Dungeon (2/15)

Altars:
The Shining One


Innate Abilities, Weirdness & Mutations

You are slightly more attuned to the shadows.
You are partially covered in sharp spines.


Message History

The gnoll is moderately wounded.
The gnoll closely misses you. The gnoll misses you.
You hit the gnoll but do no damage.
The gnoll is moderately wounded.
The gnoll barely misses you. The gnoll is struck by your spines.
The gnoll hits you with a flail.
The gnoll hits you from afar with a spear.
You are too injured to fight recklessly!
You are too injured to fight recklessly!
You hit the gnoll.
The gnoll is severely wounded.
The gnoll hits you from afar with a spear!
* * * LOW HITPOINT WARNING * * *
The gnoll hits you with a flail!
* * * LOW HITPOINT WARNING * * *
You hit the gnoll.
The gnoll is severely wounded.
The gnoll misses you. x2
The gnoll hits you with a flail!
You die... .. ..# .. .. #g## #. . . gg#

.. #.#.##g# ..
#.#.##@# . #.
#.#.##.##.## ##.
#.#.##).#..# #..
#.#.###.##.#
######..
#.####.#.###.##.##
#.......
#..........#..#..#
#.####)#
######...........#
#.# #..###'###..#
#.# #.# #..# #.#
#..# #.# #.#


You could see 4 gnolls.

Vanquished Creatures
  An adder (D:2)
  A worm (D:2)
  A giant gecko (D:2)
  An ooze (D:2)
  2 giant cockroaches (D:2)
  4 hobgoblins
  A ball python (D:1)
  3 bats
  A giant newt (D:1)
  7 goblins
  A kobold (D:1)
  14 rats
37 creatures vanquished.

Notes
Turn   | Place    | Note
--------------------------------------------------------------
     0 | D:1      | PolkaDot, the Demonspawn Monk, began the quest for the Orb.
     0 | D:1      | Reached XP level 1. HP: 18/18 MP: 1/1
   482 | D:1      | Reached skill level 4 in Unarmed Combat
   505 | D:1      | Gained mutation: You are partially covered in sharp spines. [demonic ancestry]
   505 | D:1      | Reached XP level 2. HP: 22/24 MP: 2/2
   864 | D:2      | Gained mutation: You are dopey. (Int -2) [potion of mutation]
   864 | D:2      | Gained mutation: Your magical capacity is low (-10% MP). [potion of mutation]
   864 | D:2      | Gained mutation: You can spit poison. [potion of mutation]
   865 | D:2      | Lost mutation: You are dopey. (Int -2) [potion of cure mutation]
   865 | D:2      | Lost mutation: You can spit poison. [potion of cure mutation]
   865 | D:2      | Lost mutation: Your magical capacity is low (-10% MP). [potion of cure mutation]
   937 | D:2      | Gained mutation: You are slightly more attuned to the shadows. [demonic ancestry]
   937 | D:2      | Reached XP level 3. HP: 24/29 MP: 3/3
  1100 | D:2      | Found a glowing golden altar of the Shining One.
  1138 | D:2      | HP: 1/29 [gnoll/flail (7)]
  1139 | D:2      | Mangled by a gnoll

Action                   || total
-------------------------++-------
Melee: Unarmed           ||   115
  Use: Scroll            ||     8
       Potion            ||     2
 Stab: Sleeping          ||     7
